 Dungeon Crawl Stone Soup version 0.30-a0-859-gf88a04b62d (webtiles) character file.

Game seed: 17291481887415663800

266 BigDaddyOpFi the Ducker (level 6, 0/43 HPs)
             Began as an Octopode Fighter on Mar 6, 2023.
             Was an Initiate of Hepliaklqana.
             Hit by a boomerang thrown by an orc (6 damage)
             ... on level 3 of the Dungeon.
             The game lasted 00:01:55 (2011 turns).

BigDaddyOpFi the Ducker (Octopode Fighter)          Turns: 2011, Time: 00:01:55

Health: 0/43       AC:  1    Str: 18    XL:     6   Next: 20%
Magic:  6/6        EV: 13    Int: 10    God:    Hepliaklqana [......]
Gold:   151        SH:  4    Dex: 11    Spells: 5/5 levels left

rFire   . . .      SeeInvis .    a - +0 war axe
rCold   . . .      Faith    .    b - +0 buckler
rNeg    . . .      Spirit   .    (helmet restricted)
rPois   .          Reflect  .    (no amulet)
rElec   .          Rampage  .    (no ring)
rCorr   .                        (no ring)
Will    .....                    (no ring)
Stlth   ++                       (no ring)
HPRegen 0.27/turn                (no ring)
MPRegen 0.10/turn                (no ring)
                                 (no ring)
                                 (no ring)

@: flying
A: almost no armour, amphibious, 8 rings, camouflage 1, gelatinous body 1,
(nimble swimmer 1), tentacles
a: Renounce Religion


You were on level 3 of the Dungeon.
You worshipped Hepliaklqana.
Hepliaklqana was noncommittal.
You visited 1 branch of the dungeon, and saw 3 of its levels.

You collected 151 gold pieces.

Inventory:

Hand Weapons
 a - a +0 war axe (weapon)
Armour
 b - a +0 buckler (worn)
Wands
 t - a wand of quicksilver (9)
Scrolls
 e - a scroll of silence {unknown}
 h - a scroll of amnesia {unknown}
 j - a scroll of noise {unknown}
 k - a scroll of blinking {unknown}
 l - 2 scrolls of identify {unknown}
 p - a scroll of fog {unknown}
 q - a scroll of vulnerability {unknown}
 r - 2 scrolls of teleportation {unknown}
 s - a scroll of fear {unknown}
Potions
 c - a potion of invisibility {unknown}
 d - a potion of flight
 f - 2 potions of degeneration {unknown}
 g - a potion of attraction {unknown}
 i - 2 potions of lignification {unknown}
 m - a potion of haste {unknown}
 n - a potion of heal wounds {unknown}
 o - a potion of magic {unknown}


   Skills:
 + Level 4.1 Fighting
 + Level 3.5 Axes
 + Level 4.2 Dodging
 + Level 4.2 Shields


You had 5 spell levels left.
You didn't know any spells.
Your spell library was empty.

Dungeon Overview and Level Annotations

Branches:
Dungeon (3/15)

Altars:
Cheibriados
Dithmenos
Hepliaklqana

Shops:
D:1 =


Innate Abilities, Weirdness & Mutations

You cannot wear most types of armour.
You are amphibious.
You can wear up to eight rings at the same time.
Your skin changes colour to match your surroundings (Stealth+).
Your rubbery body absorbs attacks. (AC +1, EV +1)
((You are camouflaged when in or above water. (Stealth+)))
You have tentacles for arms and can constrict up to eight enemies at once.


Message History

The orc shouts! x2
An orc comes into view. It is wielding a +0 dagger.
The bat hits you.
The orc shouts!
You hit the bat. Your grab misses the bat. You squeeze the bat.
You kill the bat!
The orc priest calls down the wrath of Beogh upon you.
Beogh smites you!
You see here a bat corpse.
You closely miss the orc. You grab the orc. You tentacle-slap the orc.
The orc is severely wounded.
You constrict the orc.
You kill the orc!
The orc priest mumbles some strange prayers to Beogh against you.
Beogh smites you!
You are too injured to fight recklessly!
You are too injured to fight recklessly!
You are too injured to fight recklessly!
You are too injured to fight recklessly!
You are too injured to fight recklessly!
You are too injured to fight recklessly!
You are too injured to fight recklessly!
You are too injured to fight recklessly!
It was a potion of flight.
You feel very buoyant.
You fly up into the air.
The orc attacks as you move away! The orc hits you with a +0 mace!
* * * LOW HITPOINT WARNING * * *
The orc attacks as you move away! The orc hits you with a +0 mace.
* * * LOW HITPOINT WARNING * * *
The orc attacks as you move away! The orc hits you with a +0 mace.
* * * LOW HITPOINT WARNING * * *
The orc attacks as you move away! The orc misses you.
The orc attacks as you move away! You block the orc's attack.
The orc attacks as you move away! The orc barely misses you.
The orc attacks as you move away! The orc barely misses you.
The orc attacks as you move away! The orc hits you with a +0 mace.
* * * LOW HITPOINT WARNING * * *
The orc throws a boomerang.
The boomerang hits you.
You die...

#####..≈##### #......≈≈≈≈≈≈
#.###..#.##.# #.# #..#.##.#
##.###..#.##.# ####.......#.##.#
......####.#.##.# #####.#
#.#.##.### #.####.#.##.@.###
#.##..........o.# #.#
#....~~~~.~~~~~.# #.#
####.~≈≈~.~≈≈~~o### #.#
#..~≈≈~.~≈≈≈~..o# #.#
#####..~≈≈≈.~†~~~.#.# #.#######
###......~≈~≈.......#.# #.#..o.oo
....####.......≈~≈~.#.###.#.#####
.....# #.≈~~~~.~≈≈~.#.o...o[#


You could see 3 orcs.

Vanquished Creatures
  Sigmund (D:2)
  Jessica (D:3)
  2 adders (D:2)
  A worm (D:3)
  2 orcs (D:3)
  4 bats
  5 endoplasms
  2 goblins
  A hobgoblin (D:3)
  5 jackals
  4 quokkas
  7 ball pythons
  5 frilled lizards
  6 kobolds
  4 rats
50 creatures vanquished.

Vanquished Creatures (others)
  A rat (D:3)
1 creature vanquished.

Grand Total: 51 creatures vanquished

Notes
Turn   | Place    | Note
-------+----------+-------------------------------------------
     0 | D:1      | BigDaddyOpFi the Octopode Fighter began the quest for the
                  | Orb.
     0 | D:1      | Reached XP level 1. HP: 16/16 MP: 1/1
   307 | D:1      | Found Seveufru's Jewellery Boutique.
   400 | D:1      | Reached XP level 2. HP: 15/21 MP: 2/2
  1114 | D:2      | Reached XP level 3. HP: 22/26 MP: 3/3
  1306 | D:2      | Noticed Sigmund
  1313 | D:2      | Killed Sigmund
  1314 | D:2      | Reached XP level 4. HP: 33/33 MP: 4/4
  1314 | D:2      | Reached XP level 5. HP: 37/37 MP: 5/5
  1668 | D:3      | Found a hazy altar of Hepliaklqana.
  1671 | D:3      | Reached XP level 6. HP: 43/43 MP: 6/6
  1676 | D:3      | Found a snail-covered altar of Cheibriados.
  1787 | D:3      | Found a shadowy altar of Dithmenos.
  1831 | D:3      | Became a worshipper of Hepliaklqana the Forgotten
  1861 | D:3      | Noticed Jessica
  1870 | D:3      | Killed Jessica
  2011 | D:3      | Hit by a boomerang thrown by an orc

Illustrated notes

Levels and vault maps discovered:
D:1:      matt_arrival_los_fun, layout_basic, serial_shops, shop_statue,
          moated_statue
D:2:      layout_loops_ring, uniq_sigmund
D:3:      layout_loops_ring, grunt_temple_overflow_open,
          nicolae_dithmenos_the_darkroom, nicolae_overflow_two_pavilions,
          hangedman_feature_mirror, minivault_14, serial_bayou_crossing,
          uniq_terence, uniq_jessica

Skill      XL: |  1  2  3 |
---------------+----------+-----
Fighting       | 4 |  4.1
Axes           | 3 |  3.5
Dodging        | 4 |  4.2
Shields        | 4 |  4.2

Action                     |  1- 3 |  4- 6 || total
---------------------------+-------+-------++-------
  Melee: War axe           |    58 |    28 ||    86
         Constrict         |    18 |     8 ||    26
         Tentacles         |     7 |     3 ||    10
         Punch             |     1 |     1 ||     2
    Use: Potion            |     1 |     1 ||     2
   Stab: Sleeping          |     4 |       ||     4
 Armour: Skin              |     5 |     1 ||     6
  Dodge: Dodged            |    37 |    22 ||    59
  Block: Buckler           |    12 |     4 ||    16

Table legend: (Time is in decaauts)
 A = Elapsed time spent in this place.
 B = Non-inter-level travel time spent in this place.
 C = Inter-level travel time spent in this place.
 D = Time resting spent in this place.
 E = Time spent auto-exploring this place.
 F = Levels seen in this place.
 G = Mean time per level.
                   A        B        C        D        E       F      G
               +--------+--------+--------+--------+--------+-----+--------+
         Total |   2051 |   1970 |     81 |      0 |   1583 |   3 |  683.7 |
       Dungeon |   2051 |   1970 |     81 |      0 |   1583 |   3 |  683.7 |
               +--------+--------+--------+--------+--------+-----+--------+

Top non-repeatable levels by time:
     D:1: 1055 daAuts
     D:2: 638 daAuts
     D:3: 357 daAuts
